 Dungeon Crawl Stone Soup version 0.22-a0-417-g1387785 (webtiles) character file.

87 galech the Sneak (level 4, 0/32 HPs)
             Began as a Gnoll Wanderer on May 14, 2018.
             Succumbed to an adder's poison
             ... on level 2 of the Dungeon.
             The game lasted 00:02:50 (1696 turns).

galech the Sneak (Gnoll Wanderer)                   Turns: 1696, Time: 00:02:51

Health: 0/32       AC: 10    Str: 15    XL:     4   Next: 51%
Magic:  8/8        EV:  5    Int: 14    God:
Gold:   114        SH:  0    Dex: 15    Spells: 9/9 levels left

rFire    . . .     SeeInvis .   a - +2 dagger
rCold    . . .     Gourm    .   (no shield)
rNeg     . . .     Faith    .   k - +0 plate armour
rPois    .         Spirit   .   (no helmet)
rElec    .         Reflect  .   (no cloak)
rCorr    .         Harm     .   (no gloves)
MR       .....                  (no boots)
Stlth    ..........             (no amulet)
HPRegen  0.10/turn              (no ring)
MPRegen  0.11/turn              (no ring)

@: lethally poisoned (0 -> -2)
A: distributed training, fangs 1, strong nose
a: no special abilities


You were on level 2 of the Dungeon.
You were not hungry.

You visited 1 branch of the dungeon, and saw 2 of its levels.

You collected 114 gold pieces.

Inventory:

Hand Weapons
 a - a +2 dagger (weapon)
 t - a +2 hunting sling of flaming
Missiles
 q - 2 exploding tomahawks (quivered)
Armour
 d - a +0 robe
 e - a +0 leather armour
 k - a +0 plate armour (worn)
Scrolls
 c - 3 scrolls of teleportation
 g - 4 scrolls of identify {unknown}
 h - 2 scrolls of random uselessness {unknown}
 i - 2 scrolls of blinking {unknown}
 j - a scroll of noise {unknown}
 l - a scroll of enchant weapon {unknown}
 r - a scroll of amnesia {unknown}
Potions
 b - a potion of berserk rage
 m - a potion of heal wounds {unknown}
 n - a potion of mutation {unknown}
 o - a potion of invisibility {unknown}
 p - a potion of brilliance {unknown}
Comestibles
 f - 5 rations


   Skills:
 + Level 1.1 Fighting
 + Level 1.1 Short Blades
 + Level 2.7 Long Blades
 + Level 1.1 Axes
 + Level 1.1 Maces & Flails
 + Level 1.1 Polearms
 + Level 1.1 Staves
 + Level 1.1 Slings
 + Level 1.1 Bows
 + Level 1.1 Crossbows
 + Level 2.7 Throwing
 + Level 1.1 Armour
 + Level 2.7 Dodging
 + Level 7.8 Stealth
 + Level 1.1 Shields
 + Level 1.1 Unarmed Combat
 + Level 3.0 Spellcasting
 + Level 0.9 Conjurations
 + Level 2.2 Hexes
 + Level 0.9 Charms
 + Level 0.9 Summonings
 + Level 0.9 Necromancy
 + Level 0.9 Translocations
 + Level 0.9 Transmutations
 + Level 0.9 Fire Magic
 + Level 0.9 Ice Magic
 + Level 0.9 Air Magic
 + Level 0.9 Earth Magic
 + Level 2.2 Poison Magic
 + Level 1.2 Invocations
 + Level 1.1 Evocations


You had 9 spell levels left.
You didn't know any spells.
Your spell library was empty.

Dungeon Overview and Level Annotations

Branches:
Dungeon (2/15)

Altars:
Xom

Annotations:
D:2 Natasha


Innate Abilities, Weirdness & Mutations

Your experience applies equally to all skills.
You have very sharp teeth.
Your uncanny sense of smell can sniff out nearby items.


Message History

* * * LOW HITPOINT WARNING * * *
The shadow imp laughs crazily.
You hit Natasha but do no damage.
Natasha is heavily wounded.
You feel sick. Natasha claws you.
* * * LOW HITPOINT WARNING * * *
You hit Natasha.
Natasha is almost dead.
The shadow imp puffs mist at you. Natasha claws you but does no damage.
You miss Natasha.
Natasha is almost dead.
Natasha claws you but does no damage.
Your plate armour prevents you from hitting Natasha.
You bite Natasha, but do no damage.
Natasha is almost dead.
Natasha claws you but does no damage.
You barely miss Natasha. Your bite misses Natasha.
Natasha is almost dead.
You die...

#.# #.#####...##
##.......## #.# ##.##
#.##.###..#####.#
#.####..>####.###>#.#.#
#.#
#.............[....##.#
#.#
######...###.########..
#.# ##.####.# #.#. ..##
##########.##...# #..##
#...
................########..
#..#
##########......@h5((((..(
#.#....##.(...... ∆
#.#...###...###..
#...........(.
#.#...###.#####
#..........# #..#..##...#
##########..#....(..#
............##.##...#


You could see Natasha and a shadow imp.

Vanquished Creatures
  Natasha (D:2)
  An adder (D:2)
  A worm (D:2)
  A leopard gecko (D:1)
  3 giant cockroaches
  5 goblins
  5 hobgoblins (D:2)
  6 jackals (D:2)
  3 kobolds
  A quokka (D:2)
  A ball python (D:1)
  6 bats
  5 frilled lizards
  12 rats
51 creatures vanquished.

Notes
Turn   | Place    | Note
-------+----------+-------------------------------------------
     0 | D:1      | galech the Gnoll Wanderer began the quest for the Orb.
     0 | D:1      | galech set off with: a +2 dagger, a potion of berserk rage, 2 scrolls of teleportation, a +0 robe, a ration
     0 | D:1      | Reached XP level 1. HP: 13/13 MP: 4/4
   149 | D:1      | Reached XP level 2. HP: 19/19 MP: 5/5
   908 | D:2      | Reached XP level 3. HP: 25/25 MP: 7/7
  1119 | D:2      | Found a shimmering altar of Xom.
  1237 | D:2      | Reached skill level 1 in Invocations
  1326 | D:2      | Noticed Natasha
  1346 | D:2      | Killed Natasha
  1346 | D:2      | Reached skill level 1 in Fighting
  1346 | D:2      | Reached skill level 1 in Short Blades
  1346 | D:2      | Reached skill level 1 in Axes
  1346 | D:2      | Reached skill level 1 in Maces & Flails
  1346 | D:2      | Reached skill level 1 in Polearms
  1346 | D:2      | Reached skill level 1 in Staves
  1346 | D:2      | Reached skill level 1 in Slings
  1346 | D:2      | Reached skill level 1 in Bows
  1346 | D:2      | Reached skill level 1 in Crossbows
  1346 | D:2      | Reached skill level 1 in Armour
  1346 | D:2      | Reached skill level 1 in Shields
  1346 | D:2      | Reached skill level 1 in Unarmed Combat
  1346 | D:2      | Reached skill level 1 in Evocations
  1346 | D:2      | Reached XP level 4. HP: 8/32 MP: 8/8
  1660 | D:2      | Noticed Natasha
  1692 | D:2      | HP: 1/32 [Natasha (4)]
  1696 | D:2      | Succumbed to an adder's poison

Vault maps used:
D:1:      onia_arrival_larder, minmay_bisected
D:2:      tgw_xom, uniq_natasha

Skill      XL: |  1  2  3  4 |
---------------+-------------+-----
Hexes          | 2 |  2.2
Poison Magic   | 2 |  2.2
Invocations    | 1 |  1.2
Fighting       | 1 |  1.1
Short Blades   | 1 |  1.1
Axes           | 1 |  1.1
Maces & Flails | 1 |  1.1
Polearms       | 1 |  1.1
Staves         | 1 |  1.1
Slings         | 1 |  1.1
Bows           | 1 |  1.1
Crossbows      | 1 |  1.1
Armour         | 1 |  1.1
Shields        | 1 |  1.1
Unarmed Combat | 1 |  1.1
Evocations     | 1 |  1.1
Spellcasting   | 3 |  3.0
Long Blades    | |  2.7
Throwing       | |  2.7
Dodging        | |  2.7
Stealth        | |  7.8
Conjurations   | |  0.9
Charms         | |  0.9
Summonings     | |  0.9
Necromancy     | |  0.9
Translocations | |  0.9
Transmutations | |  0.9
Fire Magic     | |  0.9
Ice Magic      | |  0.9
Air Magic      | |  0.9
Earth Magic    | |  0.9

Action                   |  1- 3 |  4- 6 || total
-------------------------+-------+-------++-------
Melee: Dagger            |   159 |    34 ||   193
       Bite              |    21 |     3 ||    24
 Fire: Hunting sling     |       |    18 ||    18
Throw: Tomahawk          |       |     3 ||     3
 Stab: Sleeping          |     4 |       ||     4
  Eat: Chunk             |     1 |     2 ||     3
Armor: Robe              |     1 |       ||     1
       Plate armour      |    78 |    27 ||   105
       Leather armour    |    15 |       ||    15
Dodge: Dodged            |    54 |    10 ||    64

Table legend:
 A = Spawn XP
 B = Non-spawn XP
 C = Spawn XP percentage of total XP
 D = Spawn monster count
 E = Non-spawn monster count
 F = Spawn count percentage of total count
 G = Total turns spent on level
                    A         B        C        D         E        F      G
               +---------+---------+-------+---------+---------+-------+---------
         Total |       0 |     125 |   0.0 |       0 |      51 |   0.0 |  1696
               +---------+---------+-------+---------+---------+-------+---------
           D:1 |       0 |      29 |   0.0 |       0 |      23 |   0.0 |   880
           D:2 |       0 |      96 |   0.0 |       0 |      28 |   0.0 |   816
               +---------+---------+-------+---------+---------+-------+---------
